 Dungeon Crawl Stone Soup version 0.28.0-45-g0d030f2227 (webtiles) character file.

Game seed: 9157746151824129997

79382 croobank the Thaumaturge (level 15, 0/115 HPs)
             Began as a Gnoll Fire Elementalist on Apr 24, 2022.
             Was an Initiate of Gozag.
             Slain by a vault guard
             ... wielding a +0 great mace
              (15 damage)
             ... on level 13 of the Dungeon.
             The game lasted 02:57:59 (31873 turns).

croobank the Thaumaturge (Gnoll Fire Elementalist) Turns: 31873, Time: 02:58:00

Health: 0/115      AC: 14    Str:  7    XL:     15   Next: 63%
Magic:  21/30      EV: 18    Int: 26    God:    Gozag
Gold:   5367       SH:  0    Dex: 15    Spells: 2/36 levels left

rFire   + . .      SeeInvis .   b - +11 arbalest of Greed {flame, Dex+2}
rCold   . . .      Faith    .   (shield currently unavailable)
rNeg    . . .      Spirit   .   i - +2 robe {Archmagi}
rPois   .          Reflect  .   G - +1 helmet
rElec   .          Harm     .   I - +0 cloak
rCorr   .          Rampage  .   W - +2 pair of gloves {Stlth+}
Will    ++...      Archmagi +   (no boots)
Stlth   ++++++....              e - amulet of magic regeneration
HPRegen 0.29/turn               A - +6 ring of intelligence
MPRegen 0.62/turn               Z - ring of protection from fire

@: very slightly contaminated
A: fangs 1, strong nose, distributed training, iridescent scales 1,
strong-willed 1, weak 1
a: Renounce Religion, Potion Petition, Call Merchant, Bribe Branch


You were on level 13 of the Dungeon.
You worshipped Gozag.
Gozag was greatly pleased with you.
You visited 5 branches of the dungeon, and saw 23 of its levels.

You collected 6197 gold pieces.
You spent 733 gold pieces at shops.
You paid 97 gold pieces to Gozag.

Inventory:

Hand Weapons
 a - the +6 spear "Jyneiwot" {elec, Will+}
   (You found it on level 2 of the Lair of Beasts)

   It occasionally discharges a powerful burst of electricity upon striking a
   foe.
   Will:      It increases your willpower.
 b - the +11 arbalest of Greed (weapon) {flame, Dex+2}
   (You found it on level 2 of the Lair of Beasts)

   Any ammunition fired from it burns those it strikes, dealing additional fire
   damage.
   Dex:       It affects your dexterity (+2).
 f - the +7 hand axe "Guloish" {vorpal, rF+ SInv}
   (You took it off a tengu reaver on level 11 of the Dungeon)

   It inflicts extra damage upon your enemies.
   rF:        It protects you from fire.
   SInv:      It lets you see invisible.
 y - a +3 mace of holy wrath
 J - a +4 quarterstaff of chaos
Missiles
 h - 174 bolts (quivered ammo)
 v - 6 atropa-tipped darts
 z - 2 throwing nets
 N - 7 silver boomerangs
Armour
 i - a +2 robe of the Archmagi (worn)
 C - a +1 robe of fire resistance
 G - a +1 helmet (worn)
 I - a +0 cloak (worn)
 L - a +0 buckler of cold resistance
 Q - a +2 scale mail of poison resistance
 V - the +4 leather armour of Tyamea Meomn {Regen+}
   (You bought it in a shop on level 3 of the Dungeon)

   Regen:     It increases your rate of health regeneration.
 W - a +2 pair of gloves of stealth (worn)
Magical Staves
 O - a staff of conjuration
Jewellery
 e - an amulet of magic regeneration (around neck)
 q - a +4 ring of evasion
 u - a ring of magical power
 x - a +6 ring of strength
 A - a +6 ring of intelligence (left hand)
 X - a ring of positive energy
 Z - a ring of protection from fire (right hand)
Wands
 m - a wand of charming (3)
 t - a wand of digging (6)
 H - a wand of flame (16)
 R - a wand of iceblast (18)
 U - a wand of mindburst (1)
Scrolls
 j - a scroll of blinking
 n - a scroll of fog
 o - 5 scrolls of fear
 r - a scroll of identify
 E - 2 scrolls of magic mapping
 F - 2 scrolls of teleportation
 P - a scroll of silence
Potions
 c - 3 potions of ambrosia
 d - 3 potions of curing
 g - 2 potions of berserk rage
 k - 2 potions of cancellation
 l - 2 potions of heal wounds
 p - 3 potions of lignification
 w - a potion of magic {unknown}
 B - a potion of flight
 K - a potion of resistance
 M - 3 potions of mutation
 S - a potion of might
 T - a potion of invisibility
 Y - a potion of brilliance {unknown}
Miscellaneous
 s - a phial of floods


   Skills:
 + Level 10.2 Fighting
 + Level 10.2 Short Blades
 + Level 10.2 Long Blades
 + Level 10.2 Axes
 + Level 10.2 Maces & Flails
 + Level 10.2 Polearms
 + Level 10.2 Staves
 + Level 10.2 Slings
 + Level 10.2 Bows
 + Level 10.2 Crossbows
 + Level 10.2 Throwing
 + Level 10.2 Armour
 + Level 11.2 Dodging
 + Level 11.1 Stealth
 + Level 10.2 Shields
 + Level 10.2 Unarmed Combat
 + Level 11.4 Spellcasting
 + Level 8.9 Conjurations
 + Level 8.6 Hexes
 + Level 8.6 Summonings
 + Level 8.6 Necromancy
 + Level 8.6 Translocations
 + Level 8.6 Transmutations
 + Level 10.2 Fire Magic
 + Level 8.6 Ice Magic
 + Level 8.6 Air Magic
 + Level 8.6 Earth Magic
 + Level 8.6 Poison Magic
 + Level 11.1 Invocations
 + Level 10.2 Evocations


You had 2 spell levels left.
You knew the following spells:

 Your Spells              Type           Power      Damage    Failure   Level
a - Foxfire               Conj/Fire      100%       2x1d9     1%          1
b - Scorch                Fire           100%       2d10      1%          2
c - Flame Wave            Conj/Fire      77%        2d14      1%          4
d - Beastly Appendage     Tmut           100%       N/A       1%          1
e - Hailstorm             Conj/Ice       74%        3d15      1%          4
f - Frozen Ramparts       Ice            100%       1d12      1%          3
g - Freeze                Ice            100%       1d11      1%          1
h - Ozocubu's Armour      Ice            74%        N/A       1%          3
i - Wereblood             Tmut           74%        N/A       1%          2
j - Irradiate             Conj/Tmut      37%        3d25      3%          5
k - Ensorcelled Hibernat  Hex/Ice        100%       N/A       1%          2
l - Eringya's Noxious Bo  Tmut/Pois      37%        N/A       19%         6

Your spell library contained the following spells:

 Spells                   Type           Power      Damage    Failure   Level
 Animate Skeleton         Necr           100%       N/A       1%          1
 Apportation              Tloc           100%       N/A       1%          1
 Sandblast                Erth           100%       2d20      1%          1
 Shock                    Conj/Air       100%       1d9       1%          1
 Sting                    Tmut/Pois      100%       1d8       1%          1
 Summon Small Mammal      Summ           100%       N/A       1%          1
 Sublimation of Blood     Necr           74%        N/A       1%          2
 Conjure Flame            Conj/Fire      77%        6-21      1%          3
 Dazzling Flash           Conj/Hex       100%       N/A       1%          3
 Gell's Gravitas          Tloc           74%        N/A       1%          3
 Inner Flame              Hex/Fire       77%        N/A       1%          3
 Lesser Beckoning         Tloc           74%        N/A       1%          3
 Spider Form              Tmut/Pois      74%        N/A       1%          3
 Swiftness                Air            74%        N/A       1%          3
 Teleport Other           Tloc           74%        N/A       1%          3
 Airstrike                Air            37%        N/A       1%          4
 Anguish                  Hex/Necr       37%        N/A       1%          4
 Leda's Liquefaction      Hex/Erth       37%        N/A       1%          4
 Petrify                  Tmut/Erth      74%        N/A       1%          4
 Summon Lightning Spire   Summ/Air       74%        N/A       1%          4
 Alistair's Intoxication  Tmut/Pois      49%        N/A       3%          5
 Borgnjor's Vile Clutch   Necr/Erth      37%        N/A       3%          5
 Freezing Cloud           Conj/Ice/Air   37%        6-21      3%          5
 Lightning Bolt           Conj/Air       37%        1d55      3%          5
 Ozocubu's Refrigeration  Ice            37%        4d12      69%         7
 Storm Form               Tmut/Air       37%        N/A       69%         7
 Maxwell's Capacitive Co  Air            37%        ∞         100%        8
 Shatter                  Erth           37%        3d29*     100%        9


Dungeon Overview and Level Annotations

Branches:
Dungeon (13/15)            Temple (1/1) D:7            Lair (6/6) D:9
  Swamp (0/4) Lair:3        Snake (0/4) Lair:3        Slime (0/5) Lair:5
    Orc (2/2) D:11            Elf (1/3) Orc:2        Vaults (0/5) D:13

Altars:
Ashenzari
Cheibriados
Dithmenos
Elyvilon
Fedhas
Gozag
Hepliaklqana
Kikubaaqudgha
Makhleb
Nemelex Xobeh
Okawaru
Qazlal
Ru
Sif Muna
Trog
Uskayaw
Vehumet
Wu Jian
Xom
Yredelemnul
Zin
The Shining One

Shops:
D:3 (*[[?   D:5 *   D:7 (![[   D:11 (   D:12 =   Orc:2 =(*[

Annotations:
D:13 Frances
Lair:1 2 transporters, exclusion: oklob plant, NinjaNoafa's ghost, novice DrTm


Innate Abilities, Weirdness & Mutations

You have very sharp teeth.
Your uncanny sense of smell can sniff out nearby items.
Your experience applies equally to all skills.
You are partially covered in iridescent scales. (AC +2)
You are strong-willed. (Will+)
You are weak. (Str -2)


Message History

The centaur warrior barely misses you. The vault guard barely misses you.
The vault guard hits you with a +0 great sword!
The vault guard hits you from afar with a +0 bardiche!
* * * LOW HITPOINT WARNING * * *
The centaur warrior hits you but does no damage.
The centaur warrior kicks you but does no damage.
Casting: Irradiate (dangerous; 3% risk of failure)
Confirm with . or Enter, or press ? or * to list all spells.
Casting: Flame Wave (mildly dangerous; 1% risk of failure)
Press: ? - help, Dir - look around, f - activate You feel a surge of power!
A wave of flame ripples out!
The flame wave engulfs the centaur warrior!
The centaur warrior is heavily wounded.
The flame wave engulfs the vault guard!
The vault guard is almost dead.
The flame wave engulfs the vault guard!!
The vault guard is almost dead. (Press . to intensify the flame waves.)
You hear a shout! x2
The vault guard completely misses you.
The vault guard hits you with a +0 great sword.
* * * LOW HITPOINT WARNING * * *
The vault guard misses you. The centaur warrior hits you.
* * * LOW HITPOINT WARNING * * *
The centaur warrior barely misses you.
A wave of flame ripples out!
The flame wave engulfs the centaur warrior.
The centaur warrior is heavily wounded.
The flame wave engulfs the vault guard.
The vault guard is almost dead.
The flame wave engulfs the vault guard!
The vault guard is almost dead.
The flame wave engulfs the vault guard!!
The vault guard is moderately wounded.
The centaur warrior hits you but does no damage.
The centaur warrior kicks you but does no damage.
A centaur comes into view.
The vault guard hits you with a +0 great mace!
You die...
Your body crumbles into a pile of gold.

.....#.#.#.#.#.########.#
.....#.#.#.#.#.#.####.#.#
.#####.#.#.#.#.#......#.# .#
#.#.#.#.#.#.####.#.#
.#####.#.#.#.#.#.####.#.#
.............#.#......#.#########
.#####.#.#...#.####..##.#.......#
.........#...#.#p<...##.#.#####.#
..............>c@p#.###.#...# #.#
############..c#.##.....[.### #.#
#...#p######.#######.# #...#p#
#.........# #...#.# ###########
#.#.#.# #.#...# #.#...#
#.#...########


You could see 4 vault guards, a centaur warrior (misshapen) and a centaur.

Vanquished Creatures
  Gastronok (Lair:2)
  A tengu reaver (D:11)
  A frost giant (D:10)
  2 orc warlords (Orc:2)
  A fire dragon (Lair:6)
  Josephine (Orc:1)
  Harold (D:7)
  5 hydras
  A catoblepas (Lair:6)
  A vault guard (D:12)
  An ogre mage (D:11)
  Erica (D:10)
  2 centaur warriors
  8 two-headed ogres
  3 boulder beetles
  4 death yaks (Lair:3)
  2 orc high priests (Orc:2)
  3 skeletal warriors
  A lindwurm (Lair:5)
  A swamp dragon (Lair:6)
  A bog body (Lair:3)
  5 orc knights (Orc:2)
  A wolf spider (Lair:6)
  4 orc sorcerers
  2 deep elf pyromancers
  3 cyclopes
  An ugly thing (D:11)
  A guardian serpent (Lair:6)
  Joseph (D:8)
  9 black mambas
  16 cane toads
  9 komodo dragons
  Maggie (D:8)
  Psyche (D:8)
  4 kobold demonologists
  An unseen horror (D:12)
  3 yaktaurs (D:12)
  7 trolls
  4 rime drakes (Lair:6)
  7 slime creatures
  3 polar bears
  17 blink frogs
  11 dream sheep (Lair:4)
  6 hornets
  A vampire (D:11)
  A shadow (D:11)
  22 yaks
  13 wyverns
  4 wraiths
  3 basilisks
  4 vampire mosquitoes
  2 redbacks (Lair:6)
  Grum (D:8)
  A swamp worm (Lair:3)
  4 steam dragons
  3 wargs (Orc:2)
  3 acid dragons (D:11)
  4 nagas (Lair:3)
  20 water moccasins
  2 ice beasts
  2 sky beasts
  2 black bears
  34 orc warriors
  A swamp drake (Lair:6)
  8 ogres
  10 centaurs
  25 wolves
  A phantom (D:5)
  A kobold brigand (D:10)
  A gnoll sergeant (Orc:2)
  11 bullfrogs
  3 scorpions
  A water moccasin skeleton (D:5)
  A killer bee (D:11)
  8 wights
  2 electric eels
  A howler monkey (D:10)
  A crimson imp (D:5)
  8 centaur zombies
  15 orc priests
  A bullfrog zombie (D:7)
  3 hounds
  A centaur skeleton (D:5)
  A gnoll shaman (D:5)
  5 iguanas
  Crazy Yiuf (D:7)
  2 bullfrog skeletons
  6 jellies
  A scorpion zombie (D:5)
  23 orc wizards
  A hound skeleton (D:4)
  A howler monkey zombie (D:8)
  11 gnolls
  9 adders
  A shadow imp (D:5)
  A white imp (D:6)
  An adder skeleton (D:4)
  An adder zombie (D:5)
  2 worms (D:2)
  2 dart slugs
  63 orcs
  7 endoplasms
  3 giant cockroaches
  8 goblins
  5 hobgoblins
  2 jackals (D:2)
  4 quokkas
  8 ball pythons
  8 bats
  3 frilled lizards
  8 kobolds
  7 rats
583 creatures vanquished.

Vanquished Creatures (collateral kills)
  10 foxfires
10 creatures vanquished.

Vanquished Creatures (others)
  A kobold demonologist (D:12)
  An ice beast (D:6)
  A sky beast (D:6)
  A bullfrog (D:6)
  A bush (Lair:3)
  724 foxfires
  88 fungi
  65 plants
882 creatures vanquished.

Grand Total: 1475 creatures vanquished

Notes
Turn   | Place    | Note
-------+----------+-------------------------------------------
     0 | D:1      | croobank the Gnoll Fire Elementalist began the quest for
                  | the Orb.
     0 | D:1      | Reached XP level 1. HP: 13/13 MP: 6/6
    78 | D:1      | Reached XP level 2. HP: 19/19 MP: 1/7
    81 | D:1      | Learned a level 2 spell: Scorch
  1406 | D:2      | Found a faded altar of an unknown god.
  1425 | D:2      | Reached skill level 5 in Spellcasting
  1425 | D:2      | Reached XP level 3. HP: 25/25 MP: 3/9
  1596 | D:2      | Reached skill level 1 in Invocations
  1690 | D:2      | Reached skill level 1 in Fighting
  1690 | D:2      | Reached skill level 1 in Short Blades
  1690 | D:2      | Reached skill level 1 in Long Blades
  1690 | D:2      | Reached skill level 1 in Axes
  1690 | D:2      | Reached skill level 1 in Maces & Flails
  1690 | D:2      | Reached skill level 1 in Polearms
  1690 | D:2      | Reached skill level 1 in Staves
  1690 | D:2      | Reached skill level 1 in Slings
  1690 | D:2      | Reached skill level 1 in Bows
  1690 | D:2      | Reached skill level 1 in Crossbows
  1690 | D:2      | Reached skill level 1 in Throwing
  1690 | D:2      | Reached skill level 1 in Armour
  1690 | D:2      | Reached skill level 1 in Shields
  1690 | D:2      | Reached skill level 1 in Unarmed Combat
  1690 | D:2      | Reached skill level 1 in Evocations
  1898 | D:2      | Reached XP level 4. HP: 18/32 MP: 8/11
  2206 | D:2      | You fall into a shaft and drop 2 floors!
  2365 | D:4      | Reached skill level 1 in Hexes
  2365 | D:4      | Reached skill level 1 in Summonings
  2365 | D:4      | Reached skill level 1 in Necromancy
  2365 | D:4      | Reached skill level 1 in Translocations
  2365 | D:4      | Reached skill level 1 in Transmutations
  2365 | D:4      | Reached skill level 1 in Ice Magic
  2365 | D:4      | Reached skill level 1 in Air Magic
  2365 | D:4      | Reached skill level 1 in Earth Magic
  2365 | D:4      | Reached skill level 1 in Poison Magic
  2464 | D:3      | Found Zaemoash's Armour Shop.
  2498 | D:3      | Found Biyjooge's Magic Scroll Emporium.
  2649 | D:2      | Learned a level 4 spell: Flame Wave
  3285 | D:3      | Bought a scroll of identify for 28 gold pieces
  3285 | D:3      | Bought a scroll of teleportation for 42 gold pieces
  3285 | D:3      | Bought a scroll of identify for 28 gold pieces
  3414 | D:3      | Reached XP level 5. HP: 29/37 MP: 2/12
  3514 | D:3      | Learned a level 1 spell: Beastly Appendage
  3519 | D:3      | Learned a level 4 spell: Hailstorm
  3559 | D:3      | Found Xefaxoudgh's Antique Weapon Emporium.
  3780 | D:3      | Found Ziput's Armour Shop.
  3844 | D:3      | Found a hide-covered altar of Uskayaw.
  4001 | D:3      | Found Jehy's Assorted Antiques.
  4046 | D:4      | Reached XP level 6. HP: 38/44 MP: 0/13
  4466 | D:4      | Reached skill level 5 in Dodging
  4712 | D:5      | Entered Level 5 of the Dungeon
  4755 | D:5      | Reached XP level 7. HP: 37/50 MP: 9/15
  4933 | D:5      | Found Jipp's General Store.
  5311 | D:5      | Reached skill level 5 in Stealth
  5421 | D:5      | Learned a level 3 spell: Frozen Ramparts
  5615 | D:5      | Found a burning altar of Makhleb.
  5712 | D:5      | Found a shimmering blue altar of Sif Muna.
  5740 | D:5      | Found an ancient bone altar of Kikubaaqudgha.
  5746 | D:5      | Reached XP level 8. HP: 57/57 MP: 16/16
  5787 | D:5      | Found a radiant altar of Vehumet.
  5854 | D:5      | Found an ornate altar of the Wu Jian Council.
  7170 | D:6      | Found a sacrificial altar of Ru.
  7170 | D:6      | Found a shimmering altar of Xom.
  7444 | D:7      | Found Oczutaik's Antique Armour Shop.
  7467 | D:7      | Reached XP level 9. HP: 55/65 MP: 16/18
  7668 | D:7      | Found Qirghiwug's Distillery.
  7713 | D:7      | Found a staircase to the Ecumenical Temple.
  7732 | D:7      | Noticed a hornet
  7754 | Temple   | Entered the Ecumenical Temple
  7821 | Temple   | Became a worshipper of Gozag Ym Sagoz the Greedy
  7949 | D:7      | Learned a level 1 spell: Freeze
  7960 | D:7      | Killed a hornet
  8247 | D:7      | Found Roodgh's Antique Armour Shop.
  8253 | D:7      | Noticed Harold
  8514 | D:7      | Found a runed translucent door.
  8515 | D:7      | Noticed Crazy Yiuf
  8524 | D:7      | Killed Crazy Yiuf
  8668 | D:8      | Noticed Psyche
  8676 | D:8      | Learned a level 3 spell: Ozocubu's Armour
  8680 | D:8      | Killed Psyche
  8976 | D:8      | Noticed a two-headed ogre
  8990 | D:8      | Killed a two-headed ogre
  8991 | D:8      | Reached skill level 5 in Invocations
  9113 | D:8      | Reached XP level 10. HP: 57/73 MP: 20/20
  9188 | D:8      | Learned a level 2 spell: Wereblood
  9205 | D:8      | Noticed Grum
  9219 | D:8      | Gained mutation: You are weak. (Str -2) [potion of
                  | mutation]
  9219 | D:8      | Gained mutation: You are strong-willed. (Will+) [potion of
                  | mutation]
  9219 | D:8      | Gained mutation: You are partially covered in iridescent
                  | scales. (AC +2) [potion of mutation]
  9223 | D:8      | Killed Grum
  9224 | D:8      | Reached skill level 5 in Fighting
  9224 | D:8      | Reached skill level 5 in Short Blades
  9224 | D:8      | Reached skill level 5 in Long Blades
  9224 | D:8      | Reached skill level 5 in Axes
  9224 | D:8      | Reached skill level 5 in Maces & Flails
  9224 | D:8      | Reached skill level 5 in Polearms
  9224 | D:8      | Reached skill level 5 in Staves
  9224 | D:8      | Reached skill level 5 in Slings
  9224 | D:8      | Reached skill level 5 in Bows
  9224 | D:8      | Reached skill level 5 in Crossbows
  9224 | D:8      | Reached skill level 5 in Throwing
  9224 | D:8      | Reached skill level 5 in Armour
  9224 | D:8      | Reached skill level 5 in Shields
  9224 | D:8      | Reached skill level 5 in Unarmed Combat
  9224 | D:8      | Reached skill level 5 in Evocations
  9281 | D:8      | Noticed Maggie
  9632 | D:8      | Found a broken altar of Ashenzari.
 10043 | D:8      | Noticed a two-headed ogre
 10403 | D:8      | Killed Maggie
 10527 | D:8      | Noticed Joseph
 10542 | D:8      | Killed Joseph
 10719 | D:8      | Reached skill level 5 in Conjurations
 10912 | D:8      | Killed a two-headed ogre
 11009 | D:9      | Noticed a two-headed ogre
 11472 | D:7      | Killed Harold
 11666 | D:7      | Found Iceuh's Weapon Emporium.
 11892 | D:9      | Noticed a skeletal warrior
 11892 | D:9      | Noticed a skeletal warrior
 11912 | D:9      | Noticed a skeletal warrior
 11932 | D:10     | Entered Level 10 of the Dungeon
 12097 | D:10     | Found a glowing silver altar of Zin.
 12129 | D:10     | Reached XP level 11. HP: 46/81 MP: 9/22
 12474 | D:10     | Found a white marble altar of Elyvilon.
 12499 | D:10     | Reached skill level 5 in Hexes
 12499 | D:10     | Reached skill level 5 in Summonings
 12499 | D:10     | Reached skill level 5 in Necromancy
 12499 | D:10     | Reached skill level 5 in Translocations
 12499 | D:10     | Reached skill level 5 in Transmutations
 12499 | D:10     | Reached skill level 5 in Ice Magic
 12499 | D:10     | Reached skill level 5 in Air Magic
 12499 | D:10     | Reached skill level 5 in Earth Magic
 12499 | D:10     | Reached skill level 5 in Poison Magic
 12698 | D:10     | Found a sparkling altar of Nemelex Xobeh.
 12702 | D:10     | Found a snail-covered altar of Cheibriados.
 12745 | D:10     | Noticed Erica
 12750 | D:10     | Killed Erica
 13854 | D:11     | Noticed a two-headed ogre
 13858 | D:11     | Noticed a two-headed ogre
 14235 | D:3      | Bought the +4 leather armour of Tyamea Meomn {Regen+} for
                  | 377 gold pieces
 14269 | D:3      | Bought a +2 pair of gloves of stealth for 258 gold pieces
 14584 | D:9      | Killed a two-headed ogre
 14633 | D:9      | Found a staircase to the Lair.
 14633 | D:9      | Noticed a centaur warrior
 14675 | D:9      | Killed a centaur warrior
 14821 | Lair:1   | Entered Level 1 of the Lair of Beasts
 15048 | Lair:1   | Noticed a four-headed hydra
 15052 | Lair:1   | Noticed an oklob plant
 15069 | Lair:1   | Found a transporter.
 15187 | Lair:1   | Found a transporter.
 15193 | Lair:1   | Noticed NinjaNoafa's ghost (novice DrTm)
 15848 | Lair:2   | Identified the +11 arbalest of Greed {flame, Dex+2}
 15871 | Lair:2   | Noticed Gastronok
 15882 | Lair:2   | Killed Gastronok
 15883 | Lair:2   | Reached XP level 12. HP: 78/89 MP: 24/24
 15883 | Lair:2   | Identified the +6 spear "Jyneiwot" {elec, Will+}
 16309 | Lair:2   | Learned a level 5 spell: Irradiate
 17134 | Lair:3   | Noticed a four-headed hydra
 17142 | Lair:3   | Killed a four-headed hydra
 17469 | Lair:3   | Found a staircase to the Swamp.
 17759 | Lair:3   | Noticed a death yak
 18243 | Lair:3   | Noticed a death yak
 18263 | Lair:3   | Noticed a death yak
 18267 | Lair:3   | Noticed a death yak
 18526 | Lair:4   | Reached XP level 13. HP: 98/98 MP: 26/26
 18911 | Lair:4   | Learned a level 2 spell: Ensorcelled Hibernation
 19632 | Lair:5   | Found a staircase to the Slime Pits.
 20325 | Lair:6   | Entered Level 6 of the Lair of Beasts
 20707 | Lair:6   | Reached skill level 10 in Spellcasting
 21165 | Lair:6   | Reached skill level 10 in Dodging
 21165 | Lair:6   | Reached XP level 14. HP: 102/106 MP: 26/28
 21745 | Lair:6   | Reached skill level 10 in Stealth
 22082 | Lair:6   | Identified the +1 leather armour "Pasi" {Harm Fly rN+}
 22084 | Lair:6   | Got Dyfioc's Handbook of Toxins
 22214 | Lair:3   | Reached skill level 10 in Invocations
 22393 | Lair:3   | Found a staircase to the Snake Pit.
 22859 | D:11     | Paralysed by an ogre mage for 3 turns
 23002 | D:11     | Found a staircase to the Orcish Mines.
 23004 | D:11     | Found Ynocots's Weapon Boutique.
 23093 | D:11     | Identified the +7 hand axe "Guloish" {vorpal, rF+ SInv}
 23093 | D:11     | Noticed a tengu reaver
 23129 | D:11     | Noticed a frost giant
 24037 | D:10     | Killed a frost giant
 24118 | D:11     | Killed a tengu reaver
 24523 | D:11     | Got the Compendium of Feathers and the Rocks
 24525 | D:11     | Got the Almanac of Shifting Beguiling
 25128 | D:12     | Reached XP level 15. HP: 97/115 MP: 6/29
 26248 | D:12     | Found Xoent's Jewellery Boutique.
 26371 | D:12     | Reached skill level 10 in Fire Magic
 27067 | D:13     | Noticed Frances
 27149 | Orc:1    | Entered Level 1 of the Orcish Mines
 27149 | Orc:1    | Noticed Josephine
 27158 | Orc:1    | Killed Josephine
 27160 | Orc:1    | Reached skill level 10 in Fighting
 27160 | Orc:1    | Reached skill level 10 in Short Blades
 27160 | Orc:1    | Reached skill level 10 in Long Blades
 27160 | Orc:1    | Reached skill level 10 in Axes
 27160 | Orc:1    | Reached skill level 10 in Maces & Flails
 27160 | Orc:1    | Reached skill level 10 in Polearms
 27160 | Orc:1    | Reached skill level 10 in Staves
 27160 | Orc:1    | Reached skill level 10 in Slings
 27160 | Orc:1    | Reached skill level 10 in Bows
 27160 | Orc:1    | Reached skill level 10 in Crossbows
 27160 | Orc:1    | Reached skill level 10 in Throwing
 27160 | Orc:1    | Reached skill level 10 in Armour
 27160 | Orc:1    | Reached skill level 10 in Shields
 27160 | Orc:1    | Reached skill level 10 in Unarmed Combat
 27160 | Orc:1    | Reached skill level 10 in Evocations
 27786 | Orc:2    | Entered Level 2 of the Orcish Mines
 28113 | Orc:2    | Noticed an orc warlord
 29088 | Orc:2    | Found Zatrex's Jewellery Boutique.
 29372 | Orc:1    | Learned a level 6 spell: Eringya's Noxious Bog
 29376 | Orc:2    | Killed an orc warlord
 29845 | Orc:2    | Found Affiekk's Antique Weapon Shop.
 30382 | Orc:2    | Noticed an orc warlord
 30419 | Orc:2    | Killed an orc warlord
 30765 | Orc:2    | Found Foxt's General Store.
 30980 | Orc:2    | Found Bublech's Antique Armour Boutique.
 30985 | Orc:2    | Found a staircase to the Elven Halls.
 31377 | Elf:1    | Entered Level 1 of the Elven Halls
 31824 | D:13     | Found a gate to the Vaults.
 31873 | D:13     | Slain by a vault guard

Illustrated notes

Levels and vault maps discovered:
D:1:      lemuel_arrival_rhombus, layout_basic
D:2:      kennysheep_six_static_rooms, layout_loops_corners,
          dreamdust_ecumenical_altar_statues, minmay_pentomino_t2
D:3:      layout_basic, eat_drink_and_be_merry_uskayaw, serial_shops, shop,
          nicolae_shop_stone, nicolae_shop_stone, nicolae_shop_hallway_stairs,
          shop
D:4:      layout_cave_pools, kennysheep_boxes
D:5:      layout_basic, palyth_temple_overflow_mages,
          nicolae_wu_jian_wuxing_cycle, makhleb_grotto_becter, serial_shops,
          nicolae_take_the_stairs, minmay_increasing_density
D:6:      layout_basic, gammafunk_temple_overflow_wave, lemuel_flame_loot_1
D:7:      layout_basic, temple_pool_b, serial_shops, shop, shop,
          nicolae_shop_statue_plus, shop, uniq_crazy_yiuf_cottage, uniq_harold
D:8:      layout_gridville, nicolae_ashenzari_skybound, minmay_misc_feat_tower,
          kennysheep_generic_room_10, uniq_maggie, uniq_psyche, uniq_grum,
          uniq_joseph
D:9:      layout_cave_pools, david_lair_shrubbed, serial_column_ruins,
          column_ruins_hut_water, column_ruins_hut_ruined,
          column_ruins_open_tiny, column_ruins_open_tiny,
          column_ruins_columns_dead_end, column_ruins_open_small,
          column_ruins_open_small, column_ruins_columns_straight,
          column_ruins_corridor_dead_end
D:10:     layout_roguey, chequers_temple_overflow_statue_of_worship,
          mainiacjoe_overflow_cross_hatched, uniq_erica
D:11:     minmay_the_grid_plus [minmay_the_grid_tiny_cups,
          minmay_the_grid_box_x, minmay_the_grid_minigrid_medium,
          minmay_the_grid_broken_lines, minmay_the_grid_prize_diamond_cup],
          layout_rooms, orc_david_3
D:12:     layout_long_grid, serial_shops, shop
D:13:     layout_basic, erik_vaults_2, uniq_frances
Temple:   jpeg_temple_island
Lair:1:   layout_regular_city, nzn_ghost_randoct
Lair:2:   layout_hall_layers, uniq_gastronok
Lair:3:   layout_regular_city, nicolae_swamp_entry_splash_gauntlet,
          minmay_snake_entry_guardpost_small, lemuel_fruit_fields
Lair:4:   layout_regular_city
Lair:5:   layout_gridlike, nicolae_slime_entry_slimehenge, serial_bayou_shore_b,
          lemuel_fruit_tree, serial_bayou_shore_b
Lair:6:   hangedman_lair_tendril_chambers, layout_regular_city,
          guppyfry_lair_end_dragon
Orc:1:    layout_caves, serial_shops, uniq_josephine
Orc:2:    grunt_orc_gardens, layout_caves, grunt_orc_garden, grunt_orc_garden,
          grunt_orc_garden, grunt_orc_garden, mines_bat_river
Elf:1:    minmay_elf_arrival_circle, layout_loops_corners, basic_altar,
          serial_shops, shop, minmay_elf_necromancy, minmay_misc_feat_columns

Skill      XL: |  1  2  3  4  5  6  7  8  9 10 11 12 13 14 15 |
---------------+----------------------------------------------+-----
Conjurations   | 2 3 4 5 6 7 8 |  8.9
Spellcasting   | 5 6 7 8 9 10 11 | 11.4
Invocations    | 1 2 3 4 5 6 7 8 9 10 11 | 11.1
Fighting       | 1 2 3 4 5 6 7 8 9 10 | 10.2
Short Blades   | 1 2 3 4 5 6 7 8 9 10 | 10.2
Long Blades    | 1 2 3 4 5 6 7 8 9 10 | 10.2
Axes           | 1 2 3 4 5 6 7 8 9 10 | 10.2
Maces & Flails | 1 2 3 4 5 6 7 8 9 10 | 10.2
Polearms       | 1 2 3 4 5 6 7 8 9 10 | 10.2
Staves         | 1 2 3 4 5 6 7 8 9 10 | 10.2
Slings         | 1 2 3 4 5 6 7 8 9 10 | 10.2
Bows           | 1 2 3 4 5 6 7 8 9 10 | 10.2
Crossbows      | 1 2 3 4 5 6 7 8 9 10 | 10.2
Throwing       | 1 2 3 4 5 6 7 8 9 10 | 10.2
Armour         | 1 2 3 4 5 6 7 8 9 10 | 10.2
Shields        | 1 2 3 4 5 6 7 8 9 10 | 10.2
Unarmed Combat | 1 2 3 4 5 6 7 8 9 10 | 10.2
Evocations     | 1 2 3 4 5 6 7 8 9 10 | 10.2
Hexes          | 1 2 3 4 5 6 7 8 |  8.6
Summonings     | 1 2 3 4 5 6 7 8 |  8.6
Necromancy     | 1 2 3 4 5 6 7 8 |  8.6
Translocations | 1 2 3 4 5 6 7 8 |  8.6
Transmutations | 1 2 3 4 5 6 7 8 |  8.6
Ice Magic      | 1 2 3 4 5 6 7 8 |  8.6
Air Magic      | 1 2 3 4 5 6 7 8 |  8.6
Earth Magic    | 1 2 3 4 5 6 7 8 |  8.6
Poison Magic   | 1 2 3 4 5 6 7 8 |  8.6
Dodging        | 5 6 7 8 9 10 11 | 11.2
Stealth        | 5 6 7 8 9 10 11 | 11.1
Fire Magic     | 6 7 8 9 10 | 10.2

Action                   |  1- 3 |  4- 6 |  7- 9 | 10-12 | 13-15 || total
-------------------------+-------+-------+-------+-------+-------++-------
Melee: Unarmed           |    12 |     4 |       |       |       ||    16
       Bite              |     2 |     2 |     2 |     3 |     7 ||    16
       Staff             |       |     5 |    28 |     4 |     1 ||    38
       Punch             |       |       |     1 |     3 |     2 ||     6
       Kick              |       |       |       |     3 |       ||     3
       Spear             |       |       |       |    30 |    20 ||    50
       Quarterstaff      |       |       |       |       |     8 ||     8
       Hand axe          |       |       |       |       |     4 ||     4
 Fire: Shortbow          |       |       |    12 |       |       ||    12
       Arbalest          |       |       |       |    38 |   167 ||   205
Throw: Dart              |       |       |     5 |    13 |       ||    18
       Stone             |       |       |       |     1 |       ||     1
 Cast: Foxfire           |    35 |    48 |    41 |   149 |   155 ||   428
       Scorch            |     8 |    31 |   109 |   241 |   304 ||   693
       Flame Wave        |       |     1 |     3 |    14 |    58 ||    76
       Frozen Ramparts   |       |       |     5 |    10 |     6 ||    21
       Freeze            |       |       |     2 |       |     3 ||     5
       Beastly Appendage |       |       |     1 |     2 |       ||     3
       Ozocubu's Armour  |       |       |       |     8 |       ||     8
       Wereblood         |       |       |       |     2 |       ||     2
       Irradiate         |       |       |       |     6 |    70 ||    76
       Ensorcelled Hiber |       |       |       |       |     1 ||     1
       Eringya's Noxious |       |       |       |       |     3 ||     3
Evoke: Wand              |       |       |     1 |     4 |    15 ||    20
  Use: Scroll            |     2 |     8 |     8 |    13 |     6 ||    37
       Potion            |       |       |     2 |     9 |     7 ||    18
 Stab: Distracted        |       |       |       |     1 |     1 ||     2
       Sleeping          |       |       |       |       |     1 ||     1
       Invisible         |       |       |       |       |     2 ||     2
Armor: Robe              |     1 |     4 |     8 |    11 |    70 ||    94
       Skin              |       |       |       |    13 |       ||    13
       Leather armour    |       |       |       |    44 |   107 ||   151
       Scale mail        |       |       |       |       |    19 ||    19
Dodge: Dodged            |     6 |    17 |    69 |   216 |   434 ||   742
